 Dungeon Crawl Stone Soup version 0.28.0-43-g3370ac3207 (webtiles) character file.

Game seed: 10487949895077560597

270 Peloso the Covered (level 6, 0/55 HPs)
             Began as a Minotaur Fighter on Mar 21, 2022.
             Succumbed to a scorpion's poison
             ... on level 4 of the Dungeon.
             The game lasted 00:04:23 (3906 turns).

Peloso the Covered (Minotaur Fighter)               Turns: 3906, Time: 00:04:23

Health: 0/55       AC:  7    Str: 21    XL:     6   Next: 1%
Magic:  5/5        EV:  9    Int:  5    God:
Gold:   147        SH:  4    Dex: 11    Spells: 5/5 levels left

rFire   . . .      SeeInvis .   a - +0 long sword
rCold   . . .      Faith    .   c - +0 buckler
rNeg    . . .      Spirit   .   b - +0 scale mail
rPois   .          Reflect  .   (helmet restricted)
rElec   .          Harm     .   (no cloak)
rCorr   .          Rampage  .   (no gloves)
Will    .....                   (no boots)
Stlth   ..........              (no amulet)
HPRegen 0.18/turn               (no ring)
MPRegen 0.09/turn               (no ring)

@: lethally poisoned (0 -> -12)
A: horns 2, retaliatory headbutt
a: no special abilities


You were on level 4 of the Dungeon.
You visited 1 branch of the dungeon, and saw 4 of its levels.

You collected 147 gold pieces.

Inventory:

Hand Weapons
 a - a +0 long sword (weapon)
Armour
 b - a +0 scale mail (worn)
 c - a +0 buckler (worn)
Jewellery
 f - a ring of willpower
 h - a +4 ring of evasion
 i - the ring of Neluisos {Contam *Corrode rN+++ MP+9 Dex+3}
   (You found it on level 2 of the Dungeon)

   [ring of magical power]

   Dex:       It affects your dexterity (+3).
   rN:        It renders you almost immune to negative energy.
   MP:        It affects your magic capacity (+9).
   Contam:    It causes magical contamination when unequipped.
   *Corrode:  It may corrode you when you take damage.
 n - the ring of Ibbila {rF+ rN+ Int+6 Dex+6 SInv}
   (You took it off an orc on level 4 of the Dungeon)

   [ring of dexterity]

   Int:       It affects your intelligence (+6).
   Dex:       It affects your dexterity (+6).
   rF:        It protects you from fire.
   rN:        It protects you from negative energy.
   SInv:      It lets you see invisible.
Scrolls
 g - a scroll of amnesia {unknown}
 j - a scroll of immolation
 k - a scroll of summoning {unknown}
 l - a scroll of enchant armour {unknown}
 m - a scroll of holy word {unknown}
 o - a scroll of brand weapon {unknown}
Potions
 d - 2 potions of might
 e - a potion of curing


   Skills:
 + Level 4.9 Fighting
 + Level 4.2 Long Blades
 + Level 5.7 Armour
 + Level 1.3 Dodging
 + Level 0.3 Stealth
 + Level 4.1 Shields


You had 5 spell levels left.
You didn't know any spells.
Your spell library was empty.

Dungeon Overview and Level Annotations

Branches:
Dungeon (4/15)             Temple (0/1) D:4

Altars:

Shops:
D:3 =   D:4 :


Innate Abilities, Weirdness & Mutations

You have a pair of horns on your head.
You reflexively headbutt those who attack you in melee.


Message History

The scorpion stings you.
You are poisoned.
The scorpion poisons you! You block the scorpion's attack.
You hit the scorpion but do no damage.
The scorpion is moderately wounded.
You feel very sick. The scorpion stings you.
You are more poisoned.
The scorpion poisons you!
You hit the scorpion but do no damage.
The scorpion is moderately wounded.
You feel very sick.
The scorpion stings you but does no damage.
The scorpion stings you.
You are more poisoned.
The scorpion poisons you!
You hit the scorpion. Your headbutt misses the scorpion.
The scorpion is heavily wounded.
You feel very sick.
The scorpion stings you but does no damage.
You hit the scorpion. Your headbutt misses the scorpion.
The scorpion is severely wounded.
You feel very sick. The scorpion stings you.
You are lethally poisoned!
The scorpion poisons you! The scorpion stings you.
You hit the scorpion.
The scorpion is severely wounded.
* * * LOW HITPOINT WARNING * * *
You feel very sick. The scorpion stings you.
* * * LOW HITPOINT WARNING * * *
You hit the scorpion. Your headbutt misses the scorpion.
The scorpion is almost dead.
* * * LOW HITPOINT WARNING * * *
You feel very sick.
The scorpion stings you but does no damage.
You barely miss the scorpion. You headbutt the scorpion.
You kill the scorpion!
You die...

#............##..##...
####.................. .
####......#........#.. #
..#.......##.......# .
..........###...#..###..
............#...........
..........#...........##
...##..####.............
########........@.......
#........#.#..#..#
##.......#.# ##
##......##. ###.....##.#
#........##.
#......##.#.#
###....#..##. #........#


There were no monsters in sight!

Vanquished Creatures
  2 scorpions (D:4)
  A hound (D:4)
  An orc priest (D:4)
  A hound skeleton (D:4)
  A mummy (D:4)
  2 gnolls (D:2)
  An adder (D:4)
  A white imp (D:3)
  A dart slug (D:3)
  8 orcs (D:4)
  10 ball pythons
  6 endoplasms
  4 giant cockroaches
  6 goblins
  5 hobgoblins
  9 jackals
  2 quokkas
  4 bats
  2 frilled lizards
  8 kobolds
  3 rats
78 creatures vanquished.

Notes
Turn   | Place    | Note
-------+----------+-------------------------------------------
     0 | D:1      | Peloso the Minotaur Fighter began the quest for the Orb.
     0 | D:1      | Reached XP level 1. HP: 19/19 MP: 0/0
   251 | D:1      | Found a faded altar of an unknown god.
   342 | D:1      | Reached skill level 4 in Armour
   443 | D:1      | Reached XP level 2. HP: 17/27 MP: 1/1
  1410 | D:2      | Reached XP level 3. HP: 33/33 MP: 2/2
  1536 | D:2      | Identified the ring of Neluisos {Contam *Corrode rN+++ MP+9
                  | Dex+3}
  2391 | D:3      | Reached XP level 4. HP: 41/41 MP: 3/3
  2614 | D:3      | Found Imapnog's Jewellery Shoppe.
  3122 | D:4      | Found Zoimuw's Book Emporium.
  3137 | D:4      | Noticed a scorpion
  3145 | D:4      | Killed a scorpion
  3146 | D:4      | Reached skill level 5 in Armour
  3146 | D:4      | Reached skill level 1 in Dodging
  3146 | D:4      | Reached XP level 5. HP: 34/47 MP: 4/4
  3754 | D:4      | Found a staircase to the Ecumenical Temple.
  3811 | D:4      | Identified the ring of Ibbila {rF+ rN+ Int+6 Dex+6 SInv}
  3822 | D:4      | Reached XP level 6. HP: 52/55 MP: 5/5
  3906 | D:4      | Succumbed to a scorpion's poison

Illustrated notes

Levels and vault maps discovered:
D:1:      minmay_arrival_shattered_statue, layout_basic,
          chequers_ecumenical_altar_twisty
D:2:      layout_basic, minivault_26, minmay_pentomino_s2
D:3:      layout_basic, serial_shops, shop
D:4:      layout_cave_pools, minmay_temple_entry_slanted,
          nicolae_ossuary_entry_giza, grunt_decor_clamped,
          kennysheep_windowed_goal, uniq_eustachio

Skill      XL: |  1  2  3  4  5 |
---------------+----------------+-----
Armour         | 4 5 |  5.7
Fighting       | 4 |  4.9
Long Blades    | 3 4 |  4.2
Dodging        | 1 |  1.3
Shields        | 4 |  4.1
Stealth        | |  0.3

Action                   |  1- 3 |  4- 6 || total
-------------------------+-------+-------++-------
Melee: Long sword        |   101 |    80 ||   181
       Headbutt          |    11 |    16 ||    27
  Use: Scroll            |     2 |       ||     2
       Potion            |     1 |       ||     1
Armor: Scale mail        |    52 |    59 ||   111
Dodge: Dodged            |    42 |    44 ||    86
Block: Buckler           |    23 |    19 ||    42
